 Dungeon Sprint DCSS version 0.22-a0-367-gb72a975701 (webtiles) character file.

298 KillingSpree the Grappler (level 6, -6/67 HPs)
             Began as a Troll Berserker on Apr 22, 2018.
             Was an Elder of Trog.
             Mangled by a hornet (14 damage)
             ... in the Dungeon (Sprint IX: "|||||||||||||||||||||||||||||").
             The game lasted 00:00:39 (161 turns).

KillingSpree the Grappler (Troll Berserker)          Turns: 161, Time: 00:00:40

Health: -6/67      AC:  6    Str: 29    XL:     6   Next: 13%
Magic:  5/5        EV: 14    Int:  3    God:    Trog [****..]
Gold:   0          SH:  0    Dex: 11    Spells: 5/5 levels left

rFire    . . .     SeeInvis .     - Unarmed
rCold    . . .     Gourm    +   (no shield)
rNeg     . . .     Faith    .   a - +0 animal skin
rPois    .         Spirit   .   (helmet restricted)
rElec    .         Reflect  .   m - +0 cloak
rCorr    .         Harm     .   (gloves unavailable)
MR       .....     NoTele   +   (boots unavailable)
Stlth    +.........             (no amulet)
HPRegen  0.61/turn              n - +3 ring of strength
MPRegen  0.09/turn              o - +2 ring of evasion

@: berserk cooldown, slowed, very slow
A: large, unfitting armour, claws 3, fast metabolism 3, gourmand, regeneration
1, shaggy fur 1, tough skin 2
a: Berserk, Trog's Hand, Brothers in Arms, Renounce Religion


You were in the Dungeon.
You worshipped Trog.
Trog was greatly pleased with you.
You were very full.

You visited 1 branch

Inventory:

Armour
 a - a +0 animal skin (worn)
 m - a +0 cloak (worn)
Jewellery
 n - a +3 ring of strength (left claw)
 o - a +2 ring of evasion (right claw)
Wands
 l - a wand of acid (10)
Scrolls
 h - 2 scrolls of blinking
 k - 3 scrolls of remove curse
Potions
 c - 5 potions of curing
 d - 3 potions of heal wounds
 e - a potion of haste
 f - 4 potions of magic
 g - a potion of berserk rage
 j - a potion of invisibility
Comestibles
 b - 2 rations
 i - 2 chunks of flesh


   Skills:
 + Level 5.8 Fighting
 * Level 4.9 Throwing
 + Level 5.7 Dodging
 + Level 8.0 Unarmed Combat


You had 5 spell levels left.
You didn't know any spells.

Dungeon Overview and Level Annotations

Branches:
Dungeon (1/1)

Altars:
Cheibriados
Dithmenos
Elyvilon
Fedhas
Gozag
Hepliaklqana
Kikubaaqudgha
Makhleb
Nemelex Xobeh
Okawaru
Qazlal
Ru
Sif Muna
Trog
Uskayaw
Vehumet
Wu Jian
Xom
Yredelemnul
Zin
The Shining One
Beogh
Jiyva
Lugonu


Innate Abilities, Weirdness & Mutations

You are too large for most types of armour.
You have claws for hands.
Your metabolism is lightning-fast.
You like to eat raw meat.
Your natural rate of healing is unusually fast.
You are covered in fur. (AC +1)
You have very tough skin. (AC +2)


Message History

The crimson imp hits you. The hornet barely misses you.
You closely miss the hornet.
The hornet is moderately wounded.
The hornet stings you.
You feel as though you will be slow longer.
The crimson imp blinks!
The hornet closely misses you. The crimson imp barely misses you.
You claw the hornet!
The hornet is heavily wounded.
The hornet closely misses you. The hornet stings you!
* * * LOW HITPOINT WARNING * * *
You feel as though you will be slow longer.
The crimson imp misses you.
You closely miss the hornet.
The hornet is heavily wounded.
The hornet stings you!
* * * LOW HITPOINT WARNING * * *
You feel as though you will be slow longer.
The crimson imp closely misses you. The hornet stings you!
You die...

▓[▓
▓.▓
▓[▓
▓.▓
▓.▓
▓'▓
▓(▓
▓5▓
▓@▓
▓y▓
▓.▓
▓.▓
▓+▓


You could see a hornet and a crimson imp.

Vanquished Creatures
  A yak (D)
  An ogre (D)
  2 worker ants (D)
  A shadow imp (D)
  A dart slug (D)
  2 orcs (D)
  3 giant cockroaches (D)
  A bat (D)
  A jackal skeleton (D)
  A rat (D)
14 creatures vanquished.

Notes
Turn   | Place    | Note
-------+----------+-------------------------------------------
     0 | D        | KillingSpree the Troll Berserker began the quest for the Orb.
     0 | D        | Reached XP level 1. HP: 22/22 MP: 0/0
    10 | D        | Reached ** piety under Trog
    14 | D        | Reached skill level 1 in Throwing
    28 | D        | Noticed a worker ant
    28 | D        | Noticed a worker ant
    33 | D        | Killed a worker ant
    33 | D        | Reached skill level 4 in Unarmed Combat
    33 | D        | Reached XP level 2. HP: 31/31 MP: 1/1
    33 | D        | Reached XP level 3. HP: 37/37 MP: 2/2
    35 | D        | Reached *** piety under Trog
    47 | D        | Reached skill level 5 in Unarmed Combat
    87 | D        | Found a roughly hewn altar of Beogh.
    87 | D        | Found a snail-covered altar of Cheibriados.
    87 | D        | Found a shadowy altar of Dithmenos.
    87 | D        | Found a white marble altar of Elyvilon.
    87 | D        | Found a blossoming altar of Fedhas.
    87 | D        | Found an opulent altar of Gozag.
    88 | D        | Found a hazy altar of Hepliaklqana.
    89 | D        | Found a viscous altar of Jiyva.
    90 | D        | Found an ancient bone altar of Kikubaaqudgha.
    91 | D        | Found a corrupted altar of Lugonu.
    92 | D        | Found a burning altar of Makhleb.
    93 | D        | Found a sparkling altar of Nemelex Xobeh.
    94 | D        | Found an iron altar of Okawaru.
    95 | D        | Found a stormy altar of Qazlal.
    96 | D        | Found a sacrificial altar of Ru.
    97 | D        | Found a deep blue altar of Sif Muna.
    98 | D        | Found a bloodstained altar of Trog.
    99 | D        | Found a hide-covered altar of Uskayaw.
   100 | D        | Found a radiant altar of Vehumet.
   101 | D        | Found an ornate altar of the Wu Jian Council.
   102 | D        | Found a shimmering altar of Xom.
   103 | D        | Found a basalt altar of Yredelemnul.
   104 | D        | Found a glowing silver altar of Zin.
   105 | D        | Found a glowing golden altar of the Shining One.
   122 | D        | Found the +6 Majin-Bo {vamp, Archmagi MP+6 Int+6}
   137 | D        | Noticed a yak
   137 | D        | Noticed an ogre
   137 | D        | Noticed a hornet
   148 | D        | Killed a yak
   148 | D        | Reached **** piety under Trog
   148 | D        | Reached skill level 5 in Fighting
   148 | D        | Reached skill level 5 in Dodging
   148 | D        | Reached skill level 7 in Unarmed Combat
   148 | D        | Reached XP level 4. HP: 40/50 MP: 3/3
   148 | D        | Reached XP level 5. HP: 46/57 MP: 4/4
   150 | D        | Killed an ogre
   150 | D        | Received a gift from Trog
   150 | D        | Reached XP level 6. HP: 55/67 MP: 5/5
   154 | D        | Reached skill level 8 in Unarmed Combat
   161 | D        | Mangled by a hornet

Vault maps used:
D:        linesprint

Skill      XL: |  1  2  3  4  5  6 |
---------------+-------------------+-----
Throwing       | 2 4 |  4.9
Fighting       | 3 5 |  5.8
Dodging        | 3 5 |  5.7
Unarmed Combat | 4 7 8 |  8.0

Action                   |  1- 3 |  4- 6 || total
-------------------------+-------+-------++-------
Melee: Unarmed           |    36 |    10 ||    46
Invok: Berserk           |     2 |       ||     2
  Eat: Chunk             |     7 |       ||     7
Armor: Animal skin       |     5 |     2 ||     7
Dodge: Dodged            |    14 |    10 ||    24

Table legend:
 A = Spawn XP
 B = Non-spawn XP
 C = Spawn XP percentage of total XP
 D = Spawn monster count
 E = Non-spawn monster count
 F = Spawn count percentage of total count
 G = Total turns spent on level
                    A         B        C        D         E        F      G
               +---------+---------+-------+---------+---------+-------+---------
         Total |       0 |     427 |   0.0 |       0 |      14 |   0.0 |   161
               +---------+---------+-------+---------+---------+-------+---------
             D |       0 |     427 |   0.0 |       0 |      14 |   0.0 |   161
               +---------+---------+-------+---------+---------+-------+---------
